 Dungeon Crawl Stone Soup version 0.32-a0-585-gef4fe23122 (webtiles) character file.

Game seed: 14105904464425225619

119 Qestes the Chopper (level 4, 41/41 HPs)
             Began as a Mountain Dwarf Monk on Mar 2, 2024.
             Was a Priest of Jiyva.
             Quit the game in a sewer.
             The game lasted 00:22:07 (2786 turns).

Qestes the Chopper (Mountain Dwarf Monk)            Turns: 2786, Time: 00:22:08

Health: 41/41      AC:  9    Str: 16    XL:     4   Next: 74%
Magic:  4/4        EV: 19    Int: 10    God:    Jiyva [***...]
Gold:   180        SH:  0    Dex: 12    Spells: 3/3 levels left

rFire   . . .        a - +1 hand axe
rCold   . . .        d - orb {light}
rNeg    . . .        i - +1 ring mail
rPois   .            (helmet restricted)
rElec   .            (no cloak)
rCorr   +            (no gloves)
SInv    .            (no boots)
Will    .....        (no amulet) Stlth
                     m - +5 ring of evasion
HPRegen 1.38/turn    (no ring)
MPRegen 0.65/turn

%: no passive effects
@: glowing, very slow
A: runic magic, artefact enchanting, horns 1, gelatinous body 3
a: Renounce Religion, Oozemancy


You were in a sewer.
You worshipped Jiyva.
Jiyva was most pleased with you.
You visited 1 branch of the dungeon, and saw 4 of its levels.
You also visited: Sewer.

You collected 180 gold pieces.

Inventory:

Hand Weapons
 a - a +1 hand axe (weapon)
Missiles
 e - 38 stones (quivered)
 k - a throwing net
 n - 2 boomerangs
 p - 8 poisoned darts
Armour
 b - a +0 robe
 d - an orb of light (worn)
 g - a +0 leather armour
 i - a +1 ring mail (worn)
Jewellery
 f - a ring of protection from fire
 m - a +5 ring of evasion (left hand)
 q - a ring of fire
Talismans
 h - a serpent talisman
Scrolls
 j - a scroll of enchant weapon
 r - a scroll of teleportation
Potions
 c - a potion of ambrosia
 l - a potion of cancellation
 o - a potion of mutation {unknown}


   Skills:
 + Level 4.5 Fighting
 + Level 4.8 Axes
 + Level 2.9 Dodging


You had 3 spell levels left.
You didn't know any spells.
Your spell library contained the following spells:

 Spells                   Type           Power      Damage    Failure   Level
 Blink                    Tloc           0%         N/A       54%         2
 Lesser Beckoning         Tloc           0%         N/A       54%         2
 Momentum Strike          Conj/Tloc      0%         3d8       54%         2
 Stone Arrow              Conj/Erth      0%         3d7       78%         3
 Animate Armour           Summ/Erth      0%         N/A       99%         4
 Lehudib's Crystal Spear  Conj/Erth      0%         10d2      100%        8


Dungeon Overview and Level Annotations

Branches:
Dungeon (4/15)              Sewer (1/1)
 Temple: D:4-7

Altars:
Jiyva


Innate Abilities, Weirdness & Mutations

Your spellcasting is much less encumbered by armour.
You can use scrolls of enchantment on lesser artefacts.
You have a pair of small horns on your head.
Your gelatinous body deflects attacks. (AC +3, EV +3)


Message History

You enter the shallow water.
Moving in this stuff is going to be slow.
You enter the shallow water.
Moving in this stuff is going to be slow.
You enter the shallow water.
Moving in this stuff is going to be slow.
You swap places.
You enter the shallow water.
Moving in this stuff is going to be slow.
You swap places.
You swap places.
You swap places.
You enter the shallow water.
Moving in this stuff is going to be slow.
You enter the shallow water.
Moving in this stuff is going to be slow.
You enter the shallow water.
Moving in this stuff is going to be slow.
You swap places.
You enter the shallow water.
Moving in this stuff is going to be slow.
Found a gate leading back out of this place.
You enter the shallow water.
Moving in this stuff is going to be slow.
You enter the shallow water.
Moving in this stuff is going to be slow.
Found a viscous altar of Jiyva.
You enter the shallow water.
Moving in this stuff is going to be slow.
You enter the shallow water.
Moving in this stuff is going to be slow.
You enter the shallow water.
Moving in this stuff is going to be slow.
You enter the shallow water.
Moving in this stuff is going to be slow.
You enter the shallow water.
Moving in this stuff is going to be slow.
Done exploring.
Done exploring.
Done exploring.
Are you sure you want to abandon this character and quit the game? (Confirm with "yes".)

##.~~.#..##~~...~..~..
#..~.....#~....#######
#~~##~~.##J~~###
#~JJ##J##~~~##
##~~J###~~~.# ##J...~~.J##
###..~~~~#### ######
###....~~~##..## #.~.~~
##~~...@~~~##J~~###~...~
##...~~..#...##~.~##~J###
#..~##...##~~.##~.##~.#
##~~##.~..~##.~....##..#
##~~.##~.#~..#~~~..###J.###
#....##.~##.##.~#### #~..J.
#.~.###.~~###...# #....~
#..~~###∩.~J~J.~# ######
##~..# ##.~~J~~##


You could see 4 neutral jellies (fellow slime) and 2 neutral endoplasms (fellow
slime).

Vanquished Creatures
  A hound (D:4)
  An adder (D:3)
  2 ribbon worms
  4 dart slugs
  2 orcs
  5 ball pythons
  4 bats
  4 endoplasms (D:1)
  5 giant cockroaches
  4 hobgoblins
  7 quokkas
  5 frilled lizards (D:1)
  7 goblins
  9 kobolds
  2 rats
62 creatures vanquished.

Vanquished Creatures (others)
  2 adders
  2 endoplasms (Sewer)
  3 giant cockroaches (Sewer)
  A quokka (D:3)
  3 ball pythons
  3 frilled lizards (Sewer)
  A goblin (D:3)
  3 rats (Sewer)
18 creatures vanquished.

Grand Total: 80 creatures vanquished

Notes
Turn   | Place    | Note
-------+----------+-------------------------------------------
     0 | D:1      | Qestes the Mountain Dwarf Monk began the quest for the Orb.
     0 | D:1      | Reached XP level 1. HP: 19/19 MP: 1/1
   189 | D:1      | Reached XP level 2. HP: 26/26 MP: 2/2
   958 | D:2      | Reached XP level 3. HP: 30/33 MP: 3/3
  1755 | D:3      | Found a faded altar of an unknown god.
  1762 | D:3      | Prayed at the altar of an unknown god.
  1762 | D:3      | Became a worshipper of Jiyva Jomo the Shapeless
  1762 | D:3      | Reached * piety under Jiyva
  1762 | D:3      | Reached ** piety under Jiyva
  1852 | D:3      | Reached *** piety under Jiyva
  2014 | D:3      | Gained mutation: Your rubbery body absorbs attacks. (AC +1,
                  | EV +1) [Jiyva's grace]
  2014 | D:3      | Gained mutation: Your pliable body absorbs attacks. (AC +2,
                  | EV +2) [Jiyva's grace]
  2014 | D:3      | Gained mutation: Your gelatinous body deflects attacks. (AC
                  | +3, EV +3) [Jiyva's grace]
  2014 | D:3      | Gained mutation: You have a pair of small horns on your
                  | head. [Jiyva's grace]
  2132 | D:3      | Reached XP level 4. HP: 40/40 MP: 4/4
  2624 | D:4      | Found a glowing drain.
  2643 | Sewer    | Entered a sewer
  2750 | Sewer    | Found a viscous altar of Jiyva.
  2786 | Sewer    | Quit the game

Illustrated notes

Levels and vault maps discovered:
D:1:      dpeg_arrival_houses_and_road, layout_loops_ring, minmay_pentomino_v4
D:2:      minmay_angry_zag, layout_basic, serial_park_tiny_2,
          nicolae_kite_square_tiling_tiny
D:3:      layout_basic, chequers_ecumenical_altar_simple_redux
D:4:      layout_rooms, gup_sewer_entry_pipe, kennysheep_flooded_box,
          nicolae_goblin_pals
Sewer:    sewer_hellmonk_slimy_pipes

Skill      XL: |  1  2  3 |
---------------+----------+-----
Axes           | 4 |  4.8
Fighting       | 4 |  4.5
Dodging        | |  2.9

Action                     |  1- 3 |  4- 6 || total
---------------------------+-------+-------++-------
  Melee: Hand axe          |   137 |    57 ||   194
         Headbutt          |     1 |     5 ||     6
    Use: Scroll            |     5 |     1 ||     6
         Potion            |     1 |       ||     1
 Armour: Robe              |    13 |       ||    13
         Ring mail         |    39 |    12 ||    51
         Leather armour    |     1 |       ||     1
  Dodge: Dodged            |   116 |    44 ||   160

Table legend: (Time is in decaauts)
 A = Elapsed time spent in this place.
 B = Non-inter-level travel time spent in this place.
 C = Inter-level travel time spent in this place.
 D = Time resting spent in this place.
 E = Time spent auto-exploring this place.
 F = Levels seen in this place.
 G = Mean time per level.
                   A        B        C        D        E       F      G
               +--------+--------+--------+--------+--------+-----+--------+
         Total |   2837 |   2795 |     42 |      0 |   1076 |   5 |  567.4 |
       Dungeon |   2663 |   2621 |     42 |      0 |    994 |   4 |  665.8 |
         Sewer |    174 |    174 |      0 |      0 |     82 |   1 |  174.0 |
               +--------+--------+--------+--------+--------+-----+--------+

Top non-repeatable levels by time:
     D:1: 868 daAuts
     D:2: 857 daAuts
     D:3: 786 daAuts
   Sewer: 174 daAuts
     D:4: 150 daAuts
